 Dungeon Crawl Stone Soup version 0.28.0-53-g5a82cb258f (webtiles) character file.

Game seed: 1583810382577133993

7741 Zeld the Ogre Mage (level 11, -1/88 HPs)
             Began as an Ogre Fire Elementalist on June 6, 2022.
             Was an Initiate of Gozag.
             Slain by an eight-headed hydra (11 damage)
             ... on level 10 of the Dungeon.
             The game lasted 00:16:15 (17601 turns).

Zeld the Ogre Mage (Ogre Fire Elementalist)        Turns: 17601, Time: 00:16:17

Health: -1/88      AC: 12    Str: 14    XL:     11   Next: 20%
Magic:  19/35      EV:  9    Int: 20    God:    Gozag
Gold:   280        SH:  0    Dex:  9    Spells: 18/32 levels left

rFire   + . .      SeeInvis +   a - +2 broad axe (venom)
rCold   + . .      Faith    .   (no shield)
rNeg    . . .      Spirit   .   E - +4 swamp dragon scales
rPois   +          Reflect  .   (helmet restricted)
rElec   .          Harm     .   r - scarf {rC+ rF+}
rCorr   .          Rampage  .   (gloves unavailable)
Will    +....                   (boots unavailable)
Stlth   +.........              (no amulet)
HPRegen 0.24/turn               q - ring of magical power
MPRegen 0.24/turn               H - ring of see invisible

@: no status effects
A: large, unfitting armour, tough skin 1
a: Renounce Religion, Potion Petition, Call Merchant, Bribe Branch


You were on level 10 of the Dungeon.
You worshipped Gozag.
Gozag was aware of your devotion.
You visited 2 branches of the dungeon, and saw 11 of its levels.
You also visited: Sewer.

You collected 1072 gold pieces.
You spent 729 gold pieces at shops.
You paid 63 gold pieces to Gozag.

Inventory:

Hand Weapons
 a - a +2 broad axe of venom (weapon)
Armour
 e - a +0 kite shield
 r - a scarf of resistance (worn)
 E - +4 swamp dragon scales (worn)
Jewellery
 q - a ring of magical power (left hand)
 H - a ring of see invisible (right hand)
Wands
 b - a wand of digging (8)
 c - a wand of paralysis (7)
 n - a wand of flame (7)
 u - a wand of iceblast (10)
Scrolls
 d - 4 scrolls of amnesia
 k - a scroll of silence
 l - 2 scrolls of fog
 m - 3 scrolls of teleportation
 p - a scroll of blinking
 s - a scroll of torment {unknown}
 D - a scroll of acquirement {unknown}
 G - 2 scrolls of immolation {unknown}
 I - 3 scrolls of holy word
Potions
 f - a potion of degeneration {unknown}
 g - 8 potions of curing
 h - 4 potions of invisibility {unknown}
 j - 4 potions of cancellation {unknown}
 o - 3 potions of mutation {unknown}
 t - 3 potions of haste {unknown}
 v - 5 potions of brilliance {unknown}
 x - 3 potions of might {unknown}
 z - 2 potions of magic {unknown}
 A - 4 potions of heal wounds {unknown}
 B - a potion of lignification {unknown}
 C - a potion of attraction {unknown}
 F - a potion of berserk rage {unknown}
Miscellaneous
 w - a box of beasts


   Skills:
 + Level 6.5 Dodging
 - Level 1.4 Stealth
 * Level 11.1 Spellcasting
 + Level 6.3 Conjurations
 * Level 9.5 Fire Magic


You had 18 spell levels left.
You knew the following spells:

 Your Spells              Type           Power      Damage    Failure   Level
a - Foxfire               Conj/Fire      100%       2x1d9     1%          1
b - Scorch                Fire           98%        2d9       1%          2
c - Inner Flame           Hex/Fire       30%        N/A       5%          3
d - Flame Wave            Conj/Fire      42%        2d9       4%          4
e - Sticky Flame          Conj/Fire      42%        2d6       4%          4

Your spell library contained the following spells:

 Spells                   Type           Power      Damage    Failure   Level
 Conjure Flame            Conj/Fire      42%        6-21      1%          3
 Static Discharge         Conj/Air       23%        N/A       5%          2
 Summon Small Mammal      Summ           44%        N/A       13%         1
 Call Canine Familiar     Summ           11%        N/A       36%         3
 Confusing Touch          Hex            11%        N/A       36%         3
 Portal Projectile        Hex/Tloc       22%        N/A       36%         3
 Summon Guardian Golem    Hex/Summ       11%        N/A       36%         3
 Animate Dead             Necr           5%         N/A       77%         4
 Dispel Undead            Necr           11%        3d9       77%         4
 Blade Hands              Tmut           5%         N/A       98%         5
 Excruciating Wounds      Necr           5%         N/A       98%         5
 Yara's Violent Unravell  Hex/Tmut       5%         3d4       98%         5
 Enfeeble                 Hex            5%         N/A       100%        7
 Haunt                    Necr/Summ      5%         N/A       100%        7
 Infestation              Necr           5%         N/A       100%        8


Dungeon Overview and Level Annotations

Branches:
Dungeon (10/15)            Temple (1/1) D:5           Sewer (visited)
   Lair: D:8-11         Orc: D:9-12

Altars:
Ashenzari
Cheibriados
Dithmenos
Elyvilon
Fedhas
Gozag
Hepliaklqana
Kikubaaqudgha
Makhleb
Nemelex Xobeh
Okawaru
Qazlal
Ru
Sif Muna
Trog
Uskayaw
Vehumet
Wu Jian
Xom
Yredelemnul
Zin
The Shining One

Shops:
D:6 ?   D:7 (


Innate Abilities, Weirdness & Mutations

You are too large for most types of armour.
You have tough skin. (AC +1)


Message History

The eight-headed hydra burns!
The eight-headed hydra closely misses you.
The eight-headed hydra bites you. The eight-headed hydra bites you!
The eight-headed hydra bites you.
The eight-headed hydra closely misses you.
The eight-headed hydra bites you but does no damage.
The eight-headed hydra closely misses you.
The eight-headed hydra bites you.
* * * LOW HITPOINT WARNING * * *
The eight-headed hydra burns!
Found an escape hatch in the ceiling.
The eight-headed hydra burns!
The eight-headed hydra stops burning.
Okay, then.
Casting: Sticky Flame (dangerous; 4% risk of failure)
Confirm with . or Enter, or press ? or * to list all spells.
Aiming: Sticky Flame (dangerous; 4% risk of failure)
Press: ? - help, Shift-Dir - straight line, f/p - eight-headed hydra
Aim: an eight-headed hydra (severely wounded, 100% to hit)
The sticky flame hits the eight-headed hydra.
The eight-headed hydra is almost dead.
The eight-headed hydra is covered in liquid flames!
The eight-headed hydra burns!
The eight-headed hydra barely misses you.
The eight-headed hydra closely misses you.
The eight-headed hydra barely misses you.
The eight-headed hydra bites you.
* * * LOW HITPOINT WARNING * * *
The eight-headed hydra closely misses you.
The eight-headed hydra bites you but does no damage. x2
The eight-headed hydra closely misses you.
The eight-headed hydra burns!
The eight-headed hydra burns!
The eight-headed hydra stops burning.
The eight-headed hydra barely misses you.
The eight-headed hydra bites you but does no damage. x2
The eight-headed hydra bites you!
* * * LOW HITPOINT WARNING * * *
The eight-headed hydra bites you but does no damage.
The eight-headed hydra bites you!
You die...
Your body crumbles into a pile of gold.

........# .......#
......# #.....#
##.....# $ #......#
#......# #....@.#
#....D.# ##<....#
#.....#
.........+.....# .
..>......#.....# .
.........#.....# ..
#.......##.....#
..##$....).##.....#


You could see an eight-headed hydra.

Vanquished Creatures
  2 two-headed ogres
  A centaur warrior (D:9)
  Sonja (D:10)
  A cyclops (D:9)
  Joseph (D:7)
  Maggie (D:6)
  Psyche (D:9)
  A troll (D:9)
  3 acid dragons
  2 water moccasins
  2 sky beasts
  Pargi (Sewer)
  A black bear (D:5)
  4 necrophages
  4 ogres
  4 centaurs
  2 scorpions
  3 bullfrogs
  A gnoll sergeant (D:9)
  11 wights
  7 killer bees (D:9)
  3 electric eels (D:8)
  A centaur zombie (D:9)
  Crazy Yiuf (D:4)
  3 hounds
  6 jellies
  3 orc priests (D:5)
  A bullfrog skeleton (D:5)
  2 centaur skeletons
  A gnoll shaman (D:7)
  Ijyb (D:4)
  2 iguanas
  An orc wizard (D:5)
  8 gnolls
  7 adders
  2 shadow imps
  A white imp (D:6)
  2 worms (D:5)
  2 dart slugs
  12 orcs
  10 ball pythons
  8 endoplasms
  A giant cockroach (D:4)
  6 hobgoblins
  7 jackals
  10 kobolds
  3 quokkas (D:1)
  4 bats
  6 frilled lizards
  7 goblins
  A quokka skeleton (D:4)
  5 rats
181 creatures vanquished.

Vanquished Creatures (others)
  92 foxfires
  48 fungi (D:10)
  79 plants
219 creatures vanquished.

Grand Total: 400 creatures vanquished

Notes
Turn   | Place    | Note
-------+----------+-------------------------------------------
     0 | D:1      | Zeld the Ogre Fire Elementalist began the quest for the
                  | Orb.
     0 | D:1      | Reached XP level 1. HP: 16/16 MP: 3/3
   302 | D:1      | Reached skill level 1 in Conjurations
   529 | D:1      | Reached XP level 2. HP: 24/24 MP: 1/5
   532 | D:1      | Learned a level 2 spell: Scorch
  1249 | D:1      | Found Voutti's Weapon Shop.
  1672 | D:2      | Reached skill level 3 in Spellcasting
  1672 | D:2      | Reached XP level 3. HP: 31/31 MP: 1/7
  1676 | D:2      | Learned a level 3 spell: Inner Flame
  3061 | D:3      | Reached XP level 4. HP: 39/39 MP: 3/8
  3064 | D:3      | Found a bloodstained altar of Trog.
  3272 | D:3      | You fall into a shaft and drop 1 floor!
  3591 | D:4      | Reached XP level 5. HP: 41/45 MP: 5/10
  3736 | D:4      | Learned a level 4 spell: Flame Wave
  3744 | D:4      | Reached skill level 4 in Spellcasting
  4302 | D:3      | Identified the +1 ring mail "Yggobom" {rElec Dex+6}
  4644 | D:3      | Found the +8 trident of the Octopus King {venom, rElec
                  | rPois}
  4810 | D:4      | Reached XP level 6. HP: 53/53 MP: 12/12
  4810 | D:4      | Noticed a necrophage
  4819 | D:4      | Killed a necrophage
  4999 | D:4      | Noticed Ijyb
  5008 | D:4      | Killed Ijyb
  5250 | D:4      | Found a runed translucent door.
  5251 | D:4      | Noticed Crazy Yiuf
  5419 | D:4      | Killed Crazy Yiuf
  5731 | D:5      | Entered Level 5 of the Dungeon
  5756 | D:5      | Found a glowing drain.
  5790 | Sewer    | Entered a sewer
  6087 | Sewer    | Noticed Pargi
  6095 | Sewer    | Killed Pargi
  6096 | Sewer    | Reached skill level 5 in Spellcasting
  6096 | Sewer    | Reached XP level 7. HP: 44/59 MP: 11/14
  6416 | D:5      | Found a staircase to the Ecumenical Temple.
  6437 | Temple   | Entered the Ecumenical Temple
  6535 | Temple   | Became a worshipper of Gozag Ym Sagoz the Greedy
  7057 | D:5      | Reached skill level 5 in Fire Magic
  7239 | D:5      | Reached skill level 6 in Spellcasting
  7239 | D:5      | Reached XP level 8. HP: 52/67 MP: 13/17
  8588 | D:6      | Reached skill level 7 in Spellcasting
  9080 | D:6      | Found Urroim's Magic Scroll Emporium.
  9092 | D:6      | Noticed Maggie
  9110 | D:6      | Killed Maggie
  9111 | D:6      | Reached XP level 9. HP: 53/74 MP: 19/20
  9218 | D:6      | Bought a scroll of identify for 28 gold pieces
  9218 | D:6      | Bought a scroll of identify for 28 gold pieces
  9218 | D:6      | Bought a scroll of teleportation for 42 gold pieces
  9218 | D:6      | Bought a scroll of fear for 49 gold pieces
  9218 | D:6      | Bought a scroll of enchant armour for 105 gold pieces
  9218 | D:6      | Bought a scroll of holy word for 105 gold pieces
  9717 | D:7      | Noticed Joseph
 10053 | D:7      | Killed Joseph
 10054 | D:7      | Reached skill level 8 in Spellcasting
 10371 | D:7      | Reached skill level 5 in Dodging
 10948 | D:7      | Found Ycey's Weapon Shoppe.
 10951 | D:7      | Bought a +0 broad axe for 64 gold pieces
 11308 | D:8      | Reached skill level 5 in Conjurations
 11452 | D:8      | Reached skill level 9 in Spellcasting
 11463 | D:8      | Reached XP level 10. HP: 38/81 MP: 13/23
 12035 | D:8      | Noticed a two-headed ogre
 12054 | D:8      | Killed a two-headed ogre
 12696 | D:8      | Found a shimmering blue altar of Sif Muna.
 12696 | D:8      | Found a sparkling altar of Nemelex Xobeh.
 13161 | D:9      | Noticed Psyche
 13165 | D:9      | Killed Psyche
 13228 | D:9      | Reached skill level 10 in Spellcasting
 13339 | D:9      | Noticed a two-headed ogre
 13371 | D:9      | Killed a two-headed ogre
 14452 | D:6      | Bought a scroll of amnesia for 49 gold pieces
 14452 | D:6      | Bought a scroll of amnesia for 49 gold pieces
 14452 | D:6      | Bought 2 scrolls of holy word for 210 gold pieces
 14823 | D:9      | Noticed a centaur warrior
 14838 | D:9      | Noticed a cyclops
 16143 | D:9      | Killed a centaur warrior
 16584 | D:9      | Reached XP level 11. HP: 88/88 MP: 25/25
 16626 | D:9      | Killed a cyclops
 17084 | D:9      | Learned a level 4 spell: Sticky Flame
 17214 | D:10     | Entered Level 10 of the Dungeon
 17214 | D:10     | Noticed Sonja
 17218 | D:10     | Killed Sonja
 17219 | D:10     | Reached skill level 11 in Spellcasting
 17569 | D:10     | Noticed an eight-headed hydra
 17601 | D:10     | Slain by an eight-headed hydra

Illustrated notes

Levels and vault maps discovered:
D:1:      shiori_arrival_maze, layout_loops_ring, serial_aquarium,
          aquarium_bridge_straight [aquarium_subvault_bridge,
          aquarium_subvault_wall, aquarium_subvault_bridge,
          aquarium_subvault_wall], aquarium_bridge_square
          [aquarium_subvault_wall, aquarium_subvault_bridge,
          aquarium_subvault_wall, aquarium_subvault_wall], aquarium_window_2,
          aquarium_window_1, aquarium_window_2, aquarium_view_2d,
          aquarium_view_2d, aquarium_balcony_5a, serial_shops,
          nicolae_shop_bloodbath_and_beyond, serial_park_tiny_pond
D:2:      layout_basic
D:3:      corexii_shack_village, layout_rooms,
          mainiacjoe_overflow_six_doors_small, chequers_decorated_corner
D:4:      minmay_bubble_buster, layout_loops_ring, uniq_crazy_yiuf_cottage,
          uniq_ijyb
D:5:      layout_loops_corners, minmay_temple_entry_statues_pillars,
          cheibrodos_sewer_entry_bend
D:6:      layout_rooms, serial_shops, nicolae_diamond_shop, chequers_arboretum,
          minmay_misc_feat_enclosed, minmay_statues_item, uniq_maggie
D:7:      layout_basic, serial_shops, kennysheep_mini_moat, uniq_joseph
D:8:      layout_basic, amethyst_overflow_temple_binary, serial_bayou,
          serial_bayou_shore_b, serial_bayou_lagoon_b, serial_bayou_pond_d,
          serial_bayou_lagoon_a, chequers_serial_rivers_small_b
D:9:      layout_basic, minmay_mirror_moons_of_madness, uniq_psyche
D:10:     layout_gridville, due_lair_maze_entry_diamond, orc_0_dummy,
          grunt_tough_drop, uniq_sonja
Temple:   mainiacjoe_temple_bowtie_tessellation

Skill      XL: |  1  2  3  4  5  6  7  8  9 10 11 |
---------------+----------------------------------+-----
Conjurations   | 1 2 3 4 5 6 |  6.3
Dodging        | 2 3 4 5 6 |  6.5
Fire Magic     | 3 4 5 6 7 9 |  9.5
Spellcasting   | 3 4 5 6 7 9 10 11 | 11.1
Stealth        | |  1.4

Action                   |  1- 3 |  4- 6 |  7- 9 | 10-12 || total
-------------------------+-------+-------+-------+-------++-------
Melee: Unarmed           |    18 |    14 |    23 |       ||    55
       Broad axe         |       |       |     3 |    11 ||    14
 Cast: Foxfire           |    32 |     4 |     4 |    21 ||    61
       Scorch            |    25 |    82 |   148 |    70 ||   325
       Inner Flame       |       |       |     2 |    11 ||    13
       Flame Wave        |       |       |     2 |     3 ||     5
       Sticky Flame      |       |       |       |     4 ||     4
  Use: Potion            |       |       |     1 |       ||     1
       Scroll            |       |       |    12 |     5 ||    17
 Stab: Sleeping          |     3 |       |       |       ||     3
Armor: Robe              |    19 |    11 |    20 |       ||    50
       Swamp dragon scal |       |       |    17 |    52 ||    69
Dodge: Dodged            |    30 |    35 |    87 |    55 ||   207
